 Dungeon Crawl Stone Soup version 0.29.1-2-gbd0b4ee654 (webtiles) character file.

Game seed: 619690954054145987

13629 LustLizard the Skirmisher (level 12, -4/94 HPs)
             Began as a Barachi Hunter on Nov 8, 2022.
             Was a High Priest of Cheibriados.
             Slain by a freezing wraith (6 damage)
             ... on level 1 of the Lair of Beasts.
             The game lasted 00:34:07 (16084 turns).

LustLizard the Skirmisher (Barachi Hunter)         Turns: 16084, Time: 00:34:08

Health: -4/94      AC:  8    Str: 27    XL:     12   Next: 8%
Magic:  0/19       EV: 22    Int: 27    God:    Cheibriados [*****.]
Gold:   586        SH:  0    Dex: 33    Spells: 14/21 levels left

rFire   . . .      SeeInvis .   a - +1 shortbow
rCold   . . .      Faith    .   (shield currently unavailable)
rNeg    . . .      Spirit   +   y - +3 leather armour of Nazar {rElec Int+5}
rPois   .          Reflect  .   M - +0 helmet
rElec   +          Harm     .   (no cloak)
rCorr   .          Rampage  .   (no gloves)
Will    .....                   z - +0 pair of boots
Stlth   +++.......              p - amulet of guardian spirit
HPRegen 0.25/turn               l - +4 ring of evasion
MPRegen 0.16/turn               S - +4 ring of slaying

@: unable to hop, very slow
A: amphibious, slowness 1, strong legs 1, +LOS
a: Hop, Renounce Religion, Bend Time, Temporal Distortion, Slouch, Step From
Time


You were on level 1 of the Lair of Beasts.
You worshipped Cheibriados.
Cheibriados was extremely pleased with you.
You visited 3 branches of the dungeon, and saw 13 of its levels.

You collected 739 gold pieces.
You spent 153 gold pieces at shops.

Inventory:

Hand Weapons
 a - a +1 shortbow (weapon)
Missiles
 e - 41 poisoned darts
 t - 2 atropa-tipped darts
 D - a throwing net
Armour
 u - a +2 chain mail of cold resistance
 y - the +3 leather armour of Nazar (worn) {rElec Int+5}
   (You found it on level 4 of the Dungeon)

   Int:       It affects your intelligence (+5).
   rElec:     It insulates you from electricity.
 z - a +0 pair of boots (worn)
 M - a +0 helmet (worn)
 Q - the +6 chain mail of Syndicalism {rF- Dex+4}
   (You found it on level 8 of the Dungeon)

   Dex:       It affects your dexterity (+4).
   rF:        It makes you vulnerable to fire.
Jewellery
 c - a ring of willpower
 k - a ring of positive energy
 l - a +4 ring of evasion (left hand)
 p - an amulet of guardian spirit (around neck)
 E - a ring of wizardry
 G - a ring of willpower
 R - a ring of fire
 S - a +4 ring of slaying (right hand)
 T - an amulet of magic regeneration
Wands
 x - a wand of charming (4)
 I - a wand of flame (26)
 K - a wand of roots (5)
 P - a wand of digging (2)
Scrolls
 b - 4 scrolls of immolation
 f - 3 scrolls of enchant armour {unknown}
 i - 2 scrolls of teleportation
 j - 2 scrolls of fear {unknown}
 q - a scroll of poison {unknown}
 r - 2 scrolls of noise
 s - a scroll of torment {unknown}
 v - 2 scrolls of enchant weapon
 A - a scroll of amnesia {unknown}
 F - a scroll of vulnerability {unknown}
 J - 2 scrolls of fog
 L - a scroll of acquirement {unknown}
Potions
 d - 4 potions of curing
 g - 2 potions of magic
 h - 5 potions of lignification
 m - 3 potions of resistance
 n - a potion of attraction {unknown}
 o - 4 potions of mutation
 w - a potion of berserk rage
 B - a potion of haste {unknown}
 C - a potion of brilliance
 H - 2 potions of flight
 N - a potion of might {unknown}
 U - 2 potions of invisibility {unknown}
Miscellaneous
 O - a condenser vane


   Skills:
 + Level 8.9 Fighting
 * Level 11.0 Ranged Weapons
 - Level 6.0 Dodging
 - Level 4.0 Stealth
 + Level 5.1 Spellcasting
 - Level 8.1 Conjurations
 - Level 3.0 Translocations
 - Level 8.0 Air Magic
 * Level 4.1 Invocations
 + Level 1.4 Evocations


You had 14 spell levels left.
You knew the following spells:

 Your Spells              Type           Power      Damage    Failure   Level
a - Blink                 Tloc           46%        N/A       3%          2
b - Lightning Bolt        Conj/Air       25%        1d41      8%          5

Your spell library contained the following spells:

 Spells                   Type           Power      Damage    Failure   Level
 Static Discharge         Conj/Air       50%        3-10/arc  1%          2
 Lesser Beckoning         Tloc           23%        N/A       7%          3
 Sticky Flame             Conj/Fire      28%        2d5       14%         4
 Ozocubu's Armour         Ice            6%         N/A       24%         3
 Manifold Assault         Tloc           23%        N/A       52%         5
 Dispel Undead            Necr           6%         3d8       61%         4
 Leda's Liquefaction      Hex/Erth       3%         N/A       61%         4
 Lee's Rapid Deconstruct  Erth           3%         3d6*      91%         5
 Statue Form              Tmut/Erth      4%         N/A       100%        6
 Ozocubu's Refrigeration  Ice            3%         4d8       100%        7
 Borgnjor's Revivificati  Necr           3%         N/A       100%        8
 Maxwell's Capacitive Co  Air            25%        ∞         100%        8
 Necromutation            Tmut/Necr      3%         N/A       100%        8
 Death's Door             Necr           3%         N/A       100%        9


Dungeon Overview and Level Annotations

Branches:
Dungeon (11/15)            Temple (1/1) D:6            Lair (1/5) D:8
    Orc (0/2) D:9

Altars:
Ashenzari
Cheibriados
Dithmenos
Elyvilon
Fedhas
Gozag
Hepliaklqana
Kikubaaqudgha
Makhleb
Nemelex Xobeh
Okawaru
Qazlal
Ru
Sif Muna
Trog
Uskayaw
Vehumet
Wu Jian
Xom
Yredelemnul
Zin
The Shining One

Shops:
D:7 **

Annotations:
D:10 exclusions: ice statue and orange crystal statue


Innate Abilities, Weirdness & Mutations

You are amphibious.
You cover ground slowly.
You can hop short distances.
You have an extended range of vision and can be seen from far away.


Message History

Press: ? - help, Q - select action, (/) - cycle Shift-Dir - straight line, f/p - freezing wraith
Aim: a freezing wraith (severely damaged, 77% to hit)
You shoot an arrow. The arrow hits the freezing wraith.
The freezing wraith is severely damaged.
The freezing wraith hits you but does no damage.
The freezing wraith misses you.
Fire: a) +1 shortbow
Press: ? - help, Q - select action, (/) - cycle Shift-Dir - straight line, f/p - freezing wraith
Aim: a freezing wraith (severely damaged, 77% to hit)
You shoot an arrow.
The arrow barely misses the freezing wraith.
The arrow hits the white imp!
You kill the white imp!
Cheibriados appreciates the change of pace.
The freezing wraith barely misses you.
The freezing wraith completely misses you.
Fire: a) +1 shortbow
Press: ? - help, Q - select action, (/) - cycle Shift-Dir - straight line, f/p - freezing wraith
Aim: a freezing wraith (severely damaged, 77% to hit)
You shoot an arrow.
The arrow hits the freezing wraith but does no damage.
The freezing wraith is severely damaged.
The freezing wraith misses you. x2
Fire: a) +1 shortbow
Press: ? - help, Q - select action, (/) - cycle Shift-Dir - straight line, f/p - freezing wraith
Aim: a freezing wraith (severely damaged, 77% to hit)
You shoot an arrow. The arrow hits the freezing wraith!
The freezing wraith is almost destroyed.
The freezing wraith misses you. The freezing wraith barely misses you.
Fire: a) +1 shortbow
Press: ? - help, Q - select action, (/) - cycle Shift-Dir - straight line, f/p - freezing wraith
Aim: a freezing wraith (almost destroyed, 77% to hit)
You shoot an arrow.
The arrow barely misses the freezing wraith.
The bog body touches you.
* * * LOW HITPOINT WARNING * * *
The bog body freezes you!!
* * * LOW HITPOINT WARNING * * *
The freezing wraith hits you!
You die...

#............+........'.
#.......#....#P......#..
#.......#....+.......##.
#.......#....#####.#.##.
#.......#.....#...+####.
.#.#..##.#...............
.....†......................
~~........Wn................
~~~~~######@#P##.##.########
~~~~ ########### :.≈ .. .


You could see a freezing wraith and a bog body.

Vanquished Creatures
  2 two-headed ogres
  Nergalle (Lair:1)
  A cane toad (Lair:1)
  An unseen horror (D:11)
  3 rime drakes (Lair:1)
  An ice devil (Lair:1)
  A komodo dragon (D:10)
  2 trolls
  An entropy weaver simulacrum (Lair:1)
  A hornet (D:8)
  3 blink frogs (Lair:1)
  A shadow (D:11)
  2 wyverns
  19 yaks
  4 vampire mosquitoes (D:11)
  A steam dragon (D:9)
  7 water moccasins
  2 acid dragons
  2 orc warriors
  3 sky beasts
  An ogre (D:4)
  5 centaurs
  4 kobold brigands
  The ghost of willock the Digger, an amateur GrEE of Makhleb (D:3)
  7 bullfrogs
  A two-headed ogre simulacrum (Lair:1)
  A scorpion (D:5)
  4 wights
  9 killer bees
  5 howler monkeys
  A gnoll bouda (D:9)
  7 jellies
  8 orc priests
  2 hounds
  An iguana (D:6)
  6 orc wizards
  12 gnolls
  6 adders
  4 shadow imps
  4 white imps
  2 ufetubi
  3 worms (D:2)
  2 dart slugs (D:3)
  49 orcs
  6 ball pythons
  2 bats
  5 endoplasms
  3 giant cockroaches
  5 goblins
  7 hobgoblins
  8 jackals
  4 quokkas
  2 frilled lizards
  21 kobolds
  5 rats
271 creatures vanquished.

Vanquished Creatures (collateral kills)
  An orc warrior (D:8)
  A howler monkey (D:8)
  An orc (D:8)
3 creatures vanquished.

Vanquished Creatures (others)
  A yak (D:10)
  3 fungi (Lair:1)
  2 plants (Lair:1)
6 creatures vanquished.

Grand Total: 280 creatures vanquished

Notes
Turn   | Place    | Note
-------+----------+-------------------------------------------
     0 | D:1      | LustLizard the Barachi Hunter began the quest for the Orb.
     0 | D:1      | Reached XP level 1. HP: 17/17 MP: 1/1
    84 | D:1      | Reached skill level 1 in Stealth
   114 | D:1      | Reached XP level 2. HP: 22/23 MP: 2/2
   617 | D:2      | Reached XP level 3. HP: 28/28 MP: 3/3
  1091 | D:2      | Reached XP level 4. HP: 11/35 MP: 1/4
  1383 | D:2      | Found a faded altar of an unknown god.
  2015 | D:3      | Learned a level 2 spell: Blink
  2032 | D:3      | Found a runed translucent door.
  2038 | D:3      | Noticed willock's ghost (amateur GrEE)
  2096 | D:3      | You fall into a shaft and drop 2 floors!
  2096 | D:5      | Entered Level 5 of the Dungeon
  2105 | D:4      | Noticed an ogre
  2134 | D:5      | Reached skill level 5 in Ranged Weapons
  2134 | D:5      | Reached XP level 5. HP: 31/41 MP: 3/5
  2324 | D:5      | Reached skill level 1 in Translocations
  2460 | D:5      | Reached XP level 6. HP: 48/48 MP: 6/6
  2879 | D:4      | Found an opulent altar of Gozag.
  2969 | D:4      | Identified the +3 leather armour of Nazar {rElec Int+5}
  3957 | D:5      | Reached XP level 7. HP: 54/54 MP: 7/7
  4006 | D:5      | Found a glowing golden altar of the Shining One.
  4006 | D:5      | Found an ornate altar of the Wu Jian Council.
  4161 | D:5      | Found a broken altar of Ashenzari.
  4199 | D:5      | Reached skill level 6 in Ranged Weapons
  4355 | D:6      | Found a stormy altar of Qazlal.
  4406 | D:6      | Found a staircase to the Ecumenical Temple.
  4417 | Temple   | Entered the Ecumenical Temple
  4549 | Temple   | Became a worshipper of Cheibriados the Contemplative
  4706 | D:6      | Reached XP level 8. HP: 61/61 MP: 8/8
  4979 | D:3      | Killed willock's ghost
  4980 | D:3      | Reached skill level 5 in Fighting
  5467 | D:6      | Reached skill level 7 in Ranged Weapons
  5512 | D:6      | Reached skill level 5 in Dodging
  5795 | D:7      | Reached * piety under Cheibriados
  5955 | D:7      | Learned a level 5 spell: Lightning Bolt
  6107 | D:7      | Found Olagilop's Assorted Antiques.
  6116 | D:7      | Bought 2 white potions for 59 gold pieces
  6116 | D:7      | Bought a fizzy white potion for 29 gold pieces
  6146 | D:7      | Reached skill level 1 in Conjurations
  6146 | D:7      | Reached skill level 1 in Air Magic
  6361 | D:7      | Reached XP level 9. HP: 69/69 MP: 9/9
  6403 | D:7      | Reached skill level 8 in Ranged Weapons
  6659 | D:7      | Reached ** piety under Cheibriados
  6666 | D:7      | Reached skill level 1 in Spellcasting
  6841 | D:7      | Found Nykkeq's General Store.
  6853 | D:7      | Bought a scroll of teleportation for 39 gold pieces
  6853 | D:7      | Bought a scroll of identify for 26 gold pieces
  7140 | D:8      | Found a sacrificial altar of Ru.
  7144 | D:8      | Found a glowing silver altar of Zin.
  7147 | D:8      | Found a sparkling altar of Nemelex Xobeh.
  7212 | D:8      | Noticed a hornet
  7415 | D:8      | Noticed a two-headed ogre
  8080 | D:8      | Killed a two-headed ogre
  8081 | D:8      | Reached skill level 9 in Ranged Weapons
  8081 | D:8      | Reached XP level 10. HP: 39/79 MP: 6/13
  8325 | D:8      | Reached skill level 5 in Conjurations
  8329 | D:8      | Reached *** piety under Cheibriados
  8330 | D:8      | Reached skill level 5 in Air Magic
  8918 | D:8      | Identified the +6 chain mail of Syndicalism {rF- Dex+4}
  8980 | D:8      | Found a staircase to the Lair.
  9894 | D:9      | Reached **** piety under Cheibriados
  9940 | D:9      | HP: 4/80 [troll (3)]
 10243 | D:9      | Found a staircase to the Orcish Mines.
 12016 | D:10     | Entered Level 10 of the Dungeon
 12077 | D:10     | Found a radiant altar of Vehumet.
 12158 | D:10     | Reached ***** piety under Cheibriados
 12168 | D:10     | Reached skill level 10 in Ranged Weapons
 12182 | D:10     | Reached XP level 11. HP: 37/86 MP: 0/16
 12638 | D:10     | Noticed an orange crystal statue
 12673 | D:10     | HP: 2/86 [komodo dragon[an orange crystal statue] (9)]
 13789 | D:11     | Noticed a two-headed ogre
 13796 | D:11     | Killed a two-headed ogre
 13797 | D:11     | Reached skill level 1 in Invocations
 15167 | Lair:1   | Entered Level 1 of the Lair of Beasts
 15219 | Lair:1   | Noticed Nergalle
 15570 | Lair:1   | Killed Nergalle
 16061 | Lair:1   | Reached skill level 5 in Spellcasting
 16061 | Lair:1   | Reached skill level 1 in Evocations
 16061 | Lair:1   | Reached XP level 12. HP: 78/94 MP: 14/19
 16062 | Lair:1   | Reached skill level 11 in Ranged Weapons
 16084 | Lair:1   | HP: 2/94 [bog body (19)]
 16084 | Lair:1   | Slain by a freezing wraith

Illustrated notes

Levels and vault maps discovered:
D:1:      lordsloth_arrival_two_stooges, layout_rooms,
          nicolae_concentric_dashed_squares_mild, chequers_serial_rivers_micro_c
D:2:      layout_loops_corners, shapermc_ecumenical_altar_hornbeckon
D:3:      layout_basic, ebering_ghost_reflecting_pool
D:4:      layout_basic, grunt_gozag_breadcrumbs, serial_glass, glass_columns_b,
          glass_columns_c, glass_columns_a, glass_columns_b, glass_columns_a,
          glass_columns_b, glass_columns_a, glass_columns_c, glass_columns_c,
          glass_columns_c, minmay_misc_feat_columns
D:5:      lemuel_ice_spiral_2, layout_basic,
          gammafunk_temple_overflow_forgotten, minmay_holes, minmay_crystal_room
D:6:      layout_basic, mainiacjoe_overflow_cross_hatched,
          minmay_temple_entry_trees, grunt_ministairs_8, minmay_puff
D:7:      layout_basic, serial_shops, nicolae_lakefront_shop,
          nicolae_stop_n_shop_1, grunt_ministairs_10
D:8:      layout_cave_pools, minmay_overflow_temple_star_quad, lair_entry_dummy,
          minmay_door_square, kennysheep_kite_vault
D:9:      layout_long_grid, hiddenorc1_lemuel
D:10:     layout_basic, nicolae_vehumet_radiance, serial_corexii_hall,
          corexii_hall_statues_l, corexii_hall_statues_s,
          corexii_hall_statues_l, corexii_hall_statues_u, david_greed
D:11:     layout_long_grid
Temple:   oiseaux_autumnal_temple
Lair:1:   dreamdust_isle_of_ice, layout_regular_city,
          infiniplex_staircase_pool_2, uniq_nergalle

Skill      XL: |  1  2  3  4  5  6  7  8  9 10 11 12 |
---------------+-------------------------------------+-----
Stealth        | 1 2 3 4 |  4.0
Fighting       | 3 4 6 7 8 |  8.9
Dodging        | 3 4 5 6 |  6.0
Ranged Weapons | 5 6 7 9 10 11 | 11.0
Translocations | 1 2 3 |  3.0
Conjurations   | 1 4 6 8 |  8.1
Air Magic      | 1 4 6 8 |  8.0
Spellcasting   | 2 3 5 |  5.1
Invocations    | 3 4 |  4.1
Evocations     | 1 |  1.4

Action                   |  1- 3 |  4- 6 |  7- 9 | 10-12 || total
-------------------------+-------+-------+-------+-------++-------
 Fire: Shortbow          |    99 |   154 |   456 |   602 ||  1311
 Cast: Blink             |       |       |     3 |     6 ||     9
       Lightning Bolt    |       |       |       |     7 ||     7
Invok: Bend Time         |       |       |     2 |     5 ||     7
       Temporal Distorti |       |       |       |     1 ||     1
 Abil: Hop               |     1 |     2 |     7 |    13 ||    23
Evoke: Wand              |       |       |       |     4 ||     4
  Use: Scroll            |       |       |     8 |     8 ||    16
       Potion            |       |       |       |     5 ||     5
Armor: Leather armour    |    13 |     8 |    67 |    50 ||   138
       Ring mail         |       |     1 |       |       ||     1
       Chain mail        |       |       |       |    20 ||    20
Dodge: Dodged            |    36 |    50 |   340 |   418 ||   844
